 Dungeon Crawl Stone Soup version 0.31-a0-1425-g903e00c (webtiles) character file.

Game seed: 3649259946342459399

10917 wavewave1 the Carver (level 11, -7/97 HPs)
             Began as a Minotaur Berserker on Dec 26, 2023.
             Was an Elder of Trog.
             Mangled by kasel's ghost (8 damage)
             ... on level 10 of the Dungeon.
             The game lasted 00:32:27 (11923 turns).

wavewave1 the Carver (Minotaur Berserker)          Turns: 11923, Time: 00:32:28

Health: -7/97      AC: 14    Str: 25    XL:     11   Next: 42%
Magic:  1/10       EV: 12    Int: 10    God:    Trog [****..]
Gold:   733        SH:  0    Dex: 17    Spells: 10/10 levels left

rFire   + + .        p - +1 falchion (flame)
rCold   x . .        (no shield)
rNeg    . . .        K - +0 fire dragon scales
rPois   .            (helmet restricted)
rElec   .            o - scarf {+Inv}
rCorr   .            z - +1 pair of gloves
SInv    .            (no boots)
Will    .....        (no amulet) Stlth
                     h - +6 ring of intelligence
HPRegen 0.36/turn    J - +6 ring of dexterity
MPRegen 0.12/turn

%: no passive effects
@: on berserk cooldown, slowed, very slow
A: horns 2, retaliatory headbutt
a: Renounce Religion, Evoke Invisibility, Berserk, Trog's Hand, Brothers in Arms


You were on level 10 of the Dungeon.
You worshipped Trog.
Trog was greatly pleased with you.
You visited 2 branches of the dungeon, and saw 11 of its levels.
You also visited: Sewer.

You collected 733 gold pieces.

Inventory:

Hand Weapons
 p - a +1 falchion of flaming (weapon)
 x - a +1 heavy hand axe
 D - a +2 war axe
Missiles
 M - 3 throwing nets
Armour
 k - a +0 plate armour
 o - a scarf of invisibility (worn)
 z - a +1 pair of gloves (worn)
 K - +0 fire dragon scales (worn)
Jewellery
 h - a +6 ring of intelligence (left hand)
 J - a +6 ring of dexterity (right hand)
Wands
 s - a wand of roots (8)
 w - a wand of polymorph (9)
 N - a wand of mindburst (3)
Scrolls
 e - 4 scrolls of teleportation {unknown}
 f - a scroll of noise {unknown}
 g - 6 scrolls of identify {unknown}
 j - 2 scrolls of poison {unknown}
 n - 2 scrolls of vulnerability {unknown}
 r - 2 scrolls of immolation {unknown}
 t - 2 scrolls of amnesia {unknown}
 u - 3 scrolls of fog {unknown}
 v - 2 scrolls of fear {unknown}
 y - a scroll of enchant weapon {unknown}
 E - a scroll of brand weapon {unknown}
 F - 2 scrolls of silence {unknown}
 H - a scroll of blinking {unknown}
Potions
 a - a potion of ambrosia {unknown}
 b - 3 potions of cancellation {unknown}
 c - a potion of resistance {unknown}
 d - 4 potions of heal wounds {unknown}
 i - 2 potions of lignification {unknown}
 l - a potion of degeneration {unknown}
 m - 2 potions of brilliance {unknown}
 q - a potion of attraction {unknown}
 A - 3 potions of magic {unknown}
 B - 2 potions of enlightenment {unknown}
 C - 2 potions of haste {unknown}
 G - a potion of curing {unknown}
 I - a potion of mutation {unknown}
 L - a potion of invisibility {unknown}


   Skills:
 + Level 9.3 Fighting
 - Level 14.0 Long Blades
 * Level 7.0(7.8) Axes
 * Level 5.1(6.8) Maces & Flails
 + Level 11.5 Armour
 + Level 3.6 Dodging


You had 10 spell levels left.
You didn't know any spells.
Your spell library was empty.

Dungeon Overview and Level Annotations

Branches:
Dungeon (10/15)            Temple (1/1) D:7            Lair (0/5) D:10
    Orc (0/2) D:9           Sewer (visited)

Altars:
Ashenzari
Cheibriados
Dithmenos
Elyvilon
Fedhas
Gozag
Hepliaklqana
Kikubaaqudgha
Makhleb
Nemelex Xobeh
Okawaru
Qazlal
Ru
Sif Muna
Trog
Uskayaw
Vehumet
Wu Jian
Xom
Yredelemnul
Zin
The Shining One

Shops:
D:4 *=:=   D:6 [   D:7 *((

Annotations:
D:6 2 runed translucent doors
D:10 1 transporter, kasel's ghost, journeyman DrSh


Innate Abilities, Weirdness & Mutations

You have a pair of horns on your head.
You reflexively headbutt those who attack you in melee.


Message History

The tengu warrior barely misses you. The tengu warrior misses you.
You miss the tengu warrior. Your headbutt misses the tengu warrior.
The tengu warrior is almost dead.
You completely miss the tengu warrior. Your headbutt misses the tengu warrior.
The tengu warrior is almost dead.
You hit the tengu warrior but do no damage.
The tengu warrior is almost dead.
Kasel's ghost hits you. The tengu warrior barely misses you.
The tengu warrior pecks you but does no damage.
The tengu warrior claws you but does no damage.
You slash the tengu warrior! You burn the tengu warrior.
You kill the tengu warrior!
Trog accepts your kill.
The two-headed ogre hits you with a +0 giant club!
* * * LOW HITPOINT WARNING * * *
The two-headed ogre hits you with a +0 giant club!
* * * LOW HITPOINT WARNING * * *
Your Axes skill increases to level 7!
Your base Maces & Flails skill increases to level 5!
You slash the two-headed ogre! You burn the two-headed ogre.
The two-headed ogre is heavily wounded.
You are no longer berserk.
You are exhausted.
You feel yourself slow down. Kasel's ghost barely misses you.
You hit the two-headed ogre but do no damage.
The two-headed ogre is heavily wounded.
You hit the two-headed ogre. You burn the two-headed ogre.
You punch the two-headed ogre.
The two-headed ogre is severely wounded.
The two-headed ogre hits you with a +0 giant club.
* * * LOW HITPOINT WARNING * * *
The two-headed ogre hits you with a +0 giant club!
* * * LOW HITPOINT WARNING * * *
Kasel's ghost hits you!
* * * LOW HITPOINT WARNING * * *
You slash the two-headed ogre! You burn the two-headed ogre.
You headbutt the two-headed ogre.
The two-headed ogre is almost dead.
Kasel's ghost hits you!
You die...

............<.....+.##...#.......
..................#.##...#.......
.........................#.......
.....##..................#.....##
.....##......#####..[....#.....##
...........###...###..#..#.....##
..........###..#...##....#.......
..........#..###.)..#....#.......
.........##o##≈#@...##...#.......
.........#.....WO..).#...#.......
........©#©...)_.#.)©#©..#.....##
.........#..##!..≈##)#...#.....##
.........####≈#.######...#######
..........# ###....##..###
########..###......##..# .#
##..###..O###...# .#
#....#####.....#


You could see a two-headed ogre and kasel's ghost.

Vanquished Creatures
  Harold (D:10)
  2 two-headed ogres
  A tengu warrior (D:10)
  A moth of wrath (D:10)
  2 komodo dragons
  Psyche (D:9)
  A troll (D:6)
  3 polar bears (D:9)
  A wyvern (D:10)
  4 yaks (D:9)
  2 steam dragons
  Grum (D:8)
  3 water moccasins
  8 orc warriors
  A sky beast (D:8)
  2 black bears
  4 ice beasts
  3 ogres
  3 wolves
  A crocodile (Sewer)
  5 centaurs
  2 kobold brigands
  2 bullfrogs
  4 scorpions
  4 wights (D:7)
  11 killer bees
  3 electric eels (D:9)
  A crimson imp (D:3)
  4 hounds
  9 orc priests
  A bombardier beetle (D:6)
  3 jellies
  A gnoll bouda (D:4)
  A sleepcap (D:7)
  5 iguanas
  17 orc wizards
  A centaur simulacrum (D:9)
  8 gnolls
  6 adders
  3 shadow imps
  6 white imps (D:9)
  An ufetubus (D:9)
  2 worms
  A dart slug (D:3)
  24 orcs
  9 bats
  7 endoplasms
  3 giant cockroaches
  5 hobgoblins
  5 jackals
  14 kobolds
  3 quokkas
  5 ball pythons
  4 goblins
  6 rats
  A spectral hobgoblin (D:1)
232 creatures vanquished.

Notes
Turn   | Place    | Note
-------+----------+-------------------------------------------
     0 | D:1      | wavewave1 the Minotaur Berserker began the quest for the
                  | Orb.
     0 | D:1      | Reached XP level 1. HP: 19/19 MP: 0/0
   400 | D:1      | Reached XP level 2. HP: 25/27 MP: 1/1
   479 | D:1      | Found a faded altar of an unknown god.
   882 | D:2      | Reached XP level 3. HP: 34/34 MP: 2/2
  1591 | D:3      | Found a shimmering altar of Xom.
  1591 | D:3      | Found a burning altar of Makhleb.
  1603 | D:3      | Reached XP level 4. HP: 34/41 MP: 3/3
  1603 | D:3      | Reached ** piety under Trog
  1812 | D:3      | Reached skill level 1 in Long Blades
  1859 | D:3      | Found an ornate altar of the Wu Jian Council.
  1948 | D:3      | Reached XP level 5. HP: 47/47 MP: 4/4
  2187 | D:3      | Found a stormy altar of Qazlal.
  2357 | D:4      | Noticed an ogre
  2369 | D:4      | Killed an ogre
  2370 | D:4      | Reached skill level 2 in Long Blades
  2370 | D:4      | Reached skill level 5 in Axes
  2417 | D:4      | Found Nuyz's Book Boutique.
  2417 | D:4      | Found Zytihair's Jewellery Boutique.
  2420 | D:4      | Found Femuang's Jewellery Boutique.
  2424 | D:4      | Found Liwystr Ewos's General Store.
  2434 | D:4      | Reached skill level 5 in Fighting
  2444 | D:4      | Reached skill level 3 in Long Blades
  2444 | D:4      | Reached XP level 6. HP: 17/56 MP: 5/5
  2926 | D:4      | Found a basalt altar of Yredelemnul.
  3198 | D:4      | Reached skill level 4 in Long Blades
  3257 | D:5      | Entered Level 5 of the Dungeon
  3361 | D:5      | Reached skill level 5 in Long Blades
  3361 | D:5      | Reached skill level 5 in Armour
  3361 | D:5      | Reached XP level 7. HP: 14/61 MP: 6/6
  3764 | D:5      | Found a sparkling altar of Nemelex Xobeh.
  3998 | D:5      | Reached skill level 6 in Long Blades
  4386 | D:6      | Found a glowing drain.
  4395 | Sewer    | Entered a sewer
  4921 | D:6      | Reached XP level 8. HP: 70/70 MP: 7/7
  4984 | D:6      | Reached skill level 7 in Long Blades
  5290 | D:6      | Found a large runed translucent door.
  5290 | D:6      | Found a large runed translucent door.
  5371 | D:6      | Reached skill level 8 in Long Blades
  5441 | D:6      | Noticed a komodo dragon
  5449 | D:6      | Killed a komodo dragon
  5543 | D:6      | Reached skill level 9 in Long Blades
  5603 | D:6      | Found Cadmus's Dragon-Slaying Spoils.
  5671 | D:6      | Found a large runed translucent door.
  5671 | D:6      | Found a large runed translucent door.
  5881 | D:6      | HP: 2/71 [burnt (6)]
  6078 | D:6      | Noticed a troll
  6086 | D:6      | Killed a troll
  6087 | D:6      | Reached XP level 9. HP: 72/78 MP: 8/8
  6245 | D:6      | Found a glowing silver altar of Zin.
  6533 | D:6      | Reached skill level 10 in Long Blades
  6831 | D:7      | Noticed a two-headed ogre
  6837 | D:7      | Killed a two-headed ogre
  6838 | D:7      | Reached skill level 11 in Long Blades
  7228 | D:7      | Found Utood's Antique Weapon Emporium.
  7228 | D:7      | Found Feoz's Weapon Shoppe.
  7255 | D:7      | Found Joup's Assorted Antiques.
  7315 | D:7      | Reached *** piety under Trog
  7670 | D:7      | Found a staircase to the Ecumenical Temple.
  7717 | D:8      | Noticed Grum
  7742 | D:7      | Reached skill level 12 in Long Blades
  7742 | D:7      | Reached XP level 10. HP: 75/88 MP: 9/9
  7810 | D:8      | Killed Grum
  8376 | D:8      | Noticed a two-headed ogre
  8380 | D:8      | Killed a two-headed ogre
  8381 | D:8      | Reached skill level 1 in Maces & Flails
  8381 | D:8      | Reached skill level 10 in Armour
  9120 | D:9      | Found a sparkling altar of Nemelex Xobeh.
  9126 | D:9      | Noticed Psyche
  9136 | D:9      | Killed Psyche
  9137 | D:9      | Reached skill level 13 in Long Blades
  9576 | D:9      | Found a staircase to the Orcish Mines.
  9716 | D:9      | Reached **** piety under Trog
  9943 | D:9      | Reached XP level 11. HP: 95/95 MP: 10/10
 10107 | D:9      | Found a snail-covered altar of Cheibriados.
 10108 | D:9      | Found a broken altar of Ashenzari.
 10380 | Temple   | Entered the Ecumenical Temple
 10458 | D:10     | Entered Level 10 of the Dungeon
 10486 | D:10     | Found a bloodstained altar of Trog.
 10487 | D:10     | Noticed kasel's ghost (journeyman DrSh)
 10488 | D:10     | Noticed a two-headed ogre
 10494 | D:10     | Found a transporter.
 10497 | D:10     | Found a transporter.
 10498 | D:10     | Noticed a tengu warrior
 10895 | D:10     | Noticed Harold
 10911 | D:10     | Killed Harold
 11057 | D:10     | Found a white marble altar of Elyvilon.
 11273 | D:10     | Found a staircase to the Lair.
 11293 | D:10     | Reached skill level 14 in Long Blades
 11603 | D:10     | Found a shimmering blue altar of Sif Muna.
 11919 | D:10     | Killed a tengu warrior
 11920 | D:10     | Reached skill level 5 in Maces & Flails
 11922 | D:10     | HP: 1/97 [kasel's ghost (10)]
 11923 | D:10     | Mangled by kasel's ghost

Illustrated notes

Levels and vault maps discovered:
D:1:      minmay_arrival_plants_in_alcoves, layout_basic, serial_forest,
          infiniplex_forest_straight_2, infiniplex_forest_fountain,
          infiniplex_forest_clump_small, infiniplex_forest_clump_double,
          dreamdust_ecumenical_altar_drowned_temple, minmay_pentomino_z4
D:2:      layout_basic
D:3:      cheibrodos_helix_gallery, layout_basic,
          grunt_temple_overflow_champion_of_chaos, nzn_wu_jian_council_hall,
          amcnicky_altar_gilded, dk_noncrumbling_3
D:4:      layout_basic, kennysheep_little_box, minmay_shop_grid_forest
D:5:      layout_loops_ring, mainiacjoe_overflow_alcove_4
D:6:      layout_loops_ring, zin_treasury, gup_sewer_entry_pipe,
          nicolae_shop_dragon_depot, kennysheep_pointless_box,
          minmay_hollow_rounded_squares
D:7:      layout_basic, minmay_temple_entry_nine_rooms, serial_shops,
          nicolae_shop_stone, nicolae_shop_behind_doors,
          nicolae_shop_hallway_plus, minmay_crystal_water, abandoned_shop,
          minmay_misc_feat_rows
D:8:      old_forge, layout_loops_cross, uniq_grum
D:9:      layout_loops_ring, nicolae_ashenzari_skybound, david_orc_3,
          serial_ice, serial_ice_n, serial_ice_h, serial_ice_f, serial_ice_g,
          serial_ice_e, serial_ice_l, minmay_misc_feat_four_crosses,
          minmay_misc_feat_columns, hangedman_feature_mirror,
          kennysheep_generic_room_2, uniq_psyche
D:10:     layout_stronghold, mainiacjoe_overflow_tiny_flanked,
          hellmonk_sif_muna_bookshelves, david_lair_shrubbed,
          gammafunk_ghost_wrathful_warriors, uniq_harold
Temple:   nicolae_temple_godzebo

Skill      XL: |  1  2  3  4  5  6  7  8  9 10 11 |
---------------+----------------------------------+-----
Axes           | 4 5 6 7 |  7.0
Fighting       | 4 5 6 7 8 9 |  9.3
Armour         | 3 4 5 6 7 9 10 11 | 11.5
Long Blades    | 1 3 5 6 9 12 13 14 | 14.0
Dodging        | 3 |  3.6
Maces & Flails | 3 5 |  5.1

Action                     |  1- 3 |  4- 6 |  7- 9 | 10-12 || total
---------------------------+-------+-------+-------+-------++-------
  Melee: Hand axe          |    53 |       |       |       ||    53
         Headbutt          |    10 |    15 |    52 |    90 ||   167
         Falchion          |    11 |   104 |   257 |   418 ||   790
         Punch             |     1 |     1 |     5 |     8 ||    15
 Invoke: Berserk           |       |     3 |    10 |     5 ||    18
         Trog's Hand       |       |       |     2 |     4 ||     6
   Stab: Held in net/web   |       |       |       |     1 ||     1
 Armour: Animal skin       |     8 |       |       |       ||     8
         Ring mail         |    13 |       |       |       ||    13
         Plate armour      |    14 |   112 |   183 |   291 ||   600
         Fire dragon scale |       |       |       |    60 ||    60
  Dodge: Dodged            |    34 |    44 |    79 |   154 ||   311

Table legend: (Time is in decaauts)
 A = Elapsed time spent in this place.
 B = Non-inter-level travel time spent in this place.
 C = Inter-level travel time spent in this place.
 D = Time resting spent in this place.
 E = Time spent auto-exploring this place.
 F = Levels seen in this place.
 G = Mean time per level.
                   A        B        C        D        E       F      G
               +--------+--------+--------+--------+--------+-----+--------+
         Total |  11962 |  11424 |    538 |   2374 |   7495 |  12 |  996.8 |
       Dungeon |  11675 |  11138 |    537 |   2340 |   7339 |  10 | 1167.5 |
        Temple |      1 |      1 |      0 |      0 |      0 |   1 |    1.0 |
         Sewer |    285 |    285 |      0 |     34 |    156 |   1 |  285.0 |
               +--------+--------+--------+--------+--------+-----+--------+

Top non-repeatable levels by time:
     D:6: 2014 daAuts
     D:9: 2001 daAuts
    D:10: 1205 daAuts
     D:7: 1197 daAuts
     D:5: 1119 daAuts
     D:4: 1014 daAuts
     D:3: 929 daAuts
     D:8: 817 daAuts
     D:1: 795 daAuts
     D:2: 580 daAuts
   Sewer: 285 daAuts
  Temple: 1 daAuts
